Map: 2000 Atmospheres LE

Players

LiquidClem (Clem) - Winner!

  • Race: Terran Terran

SpeCial

  • Race: Terran Terran
  • League: Master

Event: DreamHack SC2 Masters 2021 Fall

VOD

Have the link to the VOD?

Description

Time

  • Played on: Sept. 8, 2021, 12:17 p.m.
  • Length: 16:44

All games in this series

Show
View Real Time Build Order
Export as new Build Order

LiquidClem Terran - Winner!

Build Orders:  

Get SALT Encoding   

  12  0:00  SCV  
  13  0:12  SCV  
  14  0:16  Supply Depot  
  14  0:24  SCV  
  15  0:38  SCV  
  15  0:39  Barracks  
  16  0:43  Refinery  
  16  0:50  SCV  
  16  0:52  Refinery  
  17  1:02  SCV  
  18  1:14  SCV  
  19  1:26  Reaper  
  19  1:27  Orbital Command  
  19  1:28  Supply Depot  
  20  1:42  Factory  
  20  1:53  SCV  
  22  2:02  Barracks Reactor  
  22  2:05  SCV  
  22  2:17  SCV  
  22  2:19  Command Center  
  23  2:25  Hellion  
  25  2:30  SCV  
  25  2:32  Supply Depot  
  26  2:38  Reaper x2  
  26  2:42  SCV  
  29  2:47  Hellion  
  31  2:54  SCV  
  31  2:56  Starport  
  32  3:06  SCV  
  32  3:08  Factory Tech Lab  
  32  3:10  Marine x2  
  35  3:18  SCV  
  36  3:20  Refinery  
  36  3:26  Cyclone  
  39  3:31  SCV  
  39  3:33  Starport Tech Lab  
  42  3:37  Marine, Orbital Command  
  42  3:39  Marine  
  42  3:43  SCV  
  42  3:48  Supply Depot  
  43  3:54  Raven  
  43  3:55  SCV  
  46  4:02  SCV  
  47  4:07  SCV, Siege Tank  
  51  4:12  Marine x2  
  51  4:14  SCV  
  51  4:15  Supply Depot  
  54  4:19  SCV  
  55  4:29  SCV  
  56  4:31  SCV  
  56  4:35  Command Center  
  57  4:40  Raven  
  57  4:41  SCV  
  60  4:46  Supply Depot  
  60  4:48  Siege Tank  
  60  4:50  SCV  
  64  4:54  SCV  
  64  4:55  Marine x2  
  67  5:02  SCV  
  67  5:04  Supply Depot  
  67  5:06  Refinery, SCV  
  69  5:14  SCV  
  69  5:18  Supply Depot, SCV  
  69  5:20  Siege Tank  
  74  5:27  SCV  
  74  5:30  Marine  
  74  5:34  Viking  
  79  5:38  Supply Depot, Stimpack  
  79  5:40  SCV  
  80  5:45  SCV  
  80  5:48  Marine  
  82  5:50  Orbital Command  
  82  5:52  SCV  
  82  5:56  Supply Depot  
  81  6:00  Siege Tank  
  81  6:01  SCV  
  85  6:04  Barracks, Starport Reactor  
  85  6:05  Barracks  
  85  6:06  Marine  
  85  6:07  SCV  
  85  6:09  Orbital Command  
  85  6:17  Engineering Bay x2  
  85  6:18  SCV  
  85  6:19  SCV  
  85  6:24  Marine  
  87  6:30  SCV  
  87  6:31  SCV  
  89  6:36  SCV  
  89  6:39  Siege Tank  
  90  6:42  Marine, SCV  
  90  6:43  SCV  
  90  6:46  Supply Depot  
  93  6:48  SCV  
  93  6:52  Terran Infantry Armor Level 1, Terran Infantry Weapons Level 1  
  93  6:53  Barracks Reactor x2  
  94  6:54  SCV  
  94  6:55  SCV  
  94  7:00  SCV  
  97  7:01  Viking  
  97  7:02  Viking  
  97  7:06  Marine, SCV  
  97  7:07  SCV  
  103  7:14  Siege Tank  
  106  7:18  SCV  
  106  7:24  Marine  
  106  7:25  SCV  
  106  7:27  Refinery x2  
  106  7:29  SCV, Supply Depot  
  109  7:30  Marine x3, Supply Depot  
  109  7:31  Marine  
  109  7:34  Combat Shield  
  109  7:36  Barracks  
  111  7:39  SCV  
  111  7:41  Barracks  
  111  7:42  Marine, SCV  
  114  7:48  Marine x3, Supply Depot  
  114  7:49  Siege Tank  
  114  7:51  Marine  
  121  7:57  Supply Depot  
  121  7:58  SCV  
  119  8:00  Marine  
  114  8:06  Marine  
  114  8:09  Marine x2  
  114  8:10  Marine  
  108  8:12  SCV  
  108  8:13  Medivac  
  108  8:14  Medivac  
  108  8:18  Marine  
  113  8:21  Siege Tank  
  113  8:24  Marine  
  113  8:26  Marine  
  118  8:31  Supply Depot, Armory, SCV x2  
  118  8:32  SCV  
  121  8:35  Marine  
  121  8:39  Barracks Reactor  
  121  8:40  Marine  
  123  8:42  Marine  
  123  8:43  Marine  
  123  8:45  Barracks Reactor  
  123  8:48  SCV  
  126  8:49  Sensor Tower, SCV  
  126  8:50  Command Center  
  127  8:56  Marine  
  127  8:57  Siege Tank  
  127  9:00  Supply Depot  
  131  9:04  Marine x2  
  131  9:06  Factory  
  131  9:08  Marine  
  134  9:10  Barracks Reactor, SCV  
  134  9:13  Marine, Medivac x2  
  136  9:20  Marine  
  136  9:22  Marine  
  136  9:24  Marine  
  128  9:25  SCV  
  128  9:29  Siege Tank  
  131  9:32  SCV  
  131  9:33  Marine x2  
  131  9:34  Marine x3  
  131  9:36  Terran Infantry Armor Level 2, Terran Infantry Weapons Level 2  
  131  9:38  Marine  
  138  9:39  Marine  
  138  9:40  SCV  
  138  9:41  SCV  
  138  9:42  Marine  
  142  9:51  Siege Tank  
  142  9:52  Marine  
  146  9:55  Terran Vehicle Weapons Level 1  
  146  9:56  Medivac x2  
  146  9:58  Marine x5  
  155  10:02  Marine  
  155  10:06  SCV x2  
  158  10:07  SCV  
  158  10:09  Sensor Tower, Siege Tank  
  162  10:14  Marine x2  
  162  10:15  Marine, Supply Depot  
  162  10:17  Marine x2  
  162  10:18  SCV  
  162  10:19  Marine x2  
  162  10:20  SCV  
  171  10:26  Marine x2  
  171  10:32  Siege Tank  
  170  10:35  Viking x2  
  170  10:36  Marine  
  170  10:37  Planetary Fortress  
  170  10:39  SCV  
  170  10:41  SCV  
  177  10:46  Marine x2  
  177  10:47  Marine x2, SCV  
  181  10:53  Refinery x2  
  181  10:54  Marine x4  
  181  10:55  Siege Tank  
  181  10:57  Marine x2  
  190  11:04  Siege Tank  
  190  11:07  Viking  
  190  11:09  Marine  
  190  11:10  Marine  
  196  11:13  Marine  
  196  11:18  Command Center  
  196  11:24  Supply Depot  
  196  11:27  Starport  
  196  11:31  SCV, Starport  
  196  11:34  Viking, SCV  
  196  11:35  SCV, Siege Tank  
  191  11:40  Marine x4, Siege Tank  
  191  11:43  Marine x4  
  191  11:44  Marine  
  191  11:45  Marine  
  195  11:57  Marine x2  
  195  11:58  Marine x2  
  195  12:01  Marine  
  200  12:08  Terran Vehicle Weapons Level 2, Terran Infantry Armor Level 3, Terran Infantry Weapons Level 3  
  186  12:17  Siege Tank  
  186  12:18  Marine x2  
  178  12:24  Marine x5, Siege Tank  
  178  12:25  Marine x3  
  178  12:26  Starport Tech Lab x2  
  187  12:33  Command Center  
  187  12:36  Marine  
  188  12:40  Marine  
  188  12:42  Marine x2  
  191  12:47  Armory  
  191  12:49  Siege Tank  
  193  12:51  Refinery  
  193  12:52  Refinery  
  193  12:54  Marine  
  193  12:56  Viking, Siege Tank  
  193  12:57  Marine, Viking  
  193  12:58  Marine x2  
  200  13:19  Marine x2  
  186  13:21  Siege Tank  
  186  13:23  Marine x2, Medivac x2  
  186  13:24  Marine  
  175  13:27  Planetary Fortress  
  175  13:29  SCV x2  
  175  13:30  Marine x2, Siege Tank  
  175  13:31  Marine x3  
  182  13:37  Marine x2  
  182  13:38  Viking x2, Corvid Reactor  
  183  13:41  Marine x3  
  178  13:48  Marine x3  
  178  13:49  Marine  
  178  13:53  Marine  
  178  13:54  Siege Tank, Missile Turret  
  178  13:55  Marine x2  
  186  13:56  Missile Turret  
  186  13:57  Raven  
  186  13:58  Raven  
  186  14:01  Marine  
  190  14:02  Siege Tank  
  190  14:03  Marine x2  
  190  14:08  Marine x2  
  190  14:09  Marine  
  177  14:21  Marine x2  
  177  14:23  Marine  
  169  14:24  Marine  
  169  14:26  Marine x5, Siege Tank  
  169  14:27  Marine  
  169  14:28  Viking x2  
  169  14:29  Orbital Command  
  182  14:34  Siege Tank  
  184  14:39  Marine x2  
  184  14:41  Marine  
  184  14:42  Marine  
  184  14:44  Marine x4  
  184  14:45  Marine  
  189  14:47  Marine  
  189  14:50  Raven  
  189  14:52  Raven  
  190  14:58  Siege Tank  
  193  15:01  Marine x2  
  193  15:07  Siege Tank  
  190  15:09  Marine  
  190  15:10  Marine x3  
  190  15:13  Marine x2  
  187  15:24  Marine x2  
  187  15:25  Marine  
  190  15:29  Marine x2  
  190  15:31  Marine x2  
  190  15:33  Raven  
  190  15:35  Raven  
  198  15:41  Viking  
  197  15:46  Orbital Command  
  196  15:53  Marine x2  
  195  15:57  Marine x2, Missile Turret  
  195  15:59  Orbital Command  
  195  16:00  Marine  
  198  16:08  Siege Tank  
Show
View Real Time Build Order
Export as new Build Order

SpeCial Terran 

Build Orders: Gas First Reaper Expand 

Get SALT Encoding   

  12  0:00  SCV  
  13  0:12  SCV  
  14  0:17  Supply Depot  
  14  0:24  SCV  
  14  0:27  Refinery  
  15  0:39  SCV  
  16  0:44  Barracks  
  16  0:51  SCV  
  17  1:03  SCV  
  18  1:15  SCV  
  19  1:31  Reaper, Orbital Command  
  20  1:44  Command Center  
  20  1:57  Factory  
  20  1:58  SCV  
  21  2:03  Marine  
  21  2:07  Supply Depot  
  22  2:11  SCV  
  23  2:17  Refinery  
  23  2:29  Marine, SCV  
  25  2:41  SCV, Hellion  
  25  2:42  Starport  
  28  2:47  Marine  
  29  2:53  SCV  
  29  2:56  Orbital Command  
  30  3:02  Widow Mine  
  32  3:05  SCV  
  32  3:12  Barracks Tech Lab  
  33  3:17  Refinery, SCV  
  34  3:20  Supply Depot  
  34  3:22  SCV  
  34  3:24  Hellion  
  37  3:30  SCV  
  37  3:34  Raven  
  38  3:35  SCV, Barracks Tech Lab  
  41  3:42  SCV  
  41  3:47  SCV  
  43  3:54  SCV  
  44  3:59  SCV  
  44  4:00  Barracks Reactor  
  44  4:01  Cyclone  
  48  4:05  Command Center  
  48  4:07  Supply Depot  
  48  4:11  SCV  
  48  4:13  SCV  
  48  4:17  Raven  
  52  4:29  SCV  
  52  4:30  SCV  
  54  4:37  Supply Depot  
  52  4:39  Cyclone  
  52  4:42  Marine, SCV x2  
  52  4:43  Marine  
  59  4:54  SCV x2, Supply Depot  
  61  5:00  Marine x2, Raven  
  61  5:06  SCV x2  
  67  5:09  Refinery  
  67  5:11  Siege Tank  
  70  5:16  Barracks x2  
  70  5:18  Marine x2, SCV x2  
  70  5:19  Orbital Command  
  74  5:24  Engineering Bay  
  74  5:30  SCV  
  74  5:34  SCV  
  76  5:37  Engineering Bay  
  78  5:43  SCV, Siege Tank  
  78  5:46  SCV  
  83  5:53  SCV  
  83  5:55  SCV  
  83  5:59  Viking x2  
  83  6:00  Marine  
  83  6:01  Stimpack  
  88  6:08  Supply Depot  
  86  6:11  Orbital Command  
  86  6:14  Barracks Reactor  
  86  6:15  Barracks Reactor, Siege Tank  
  86  6:17  Missile Turret  
  89  6:18  SCV  
  89  6:19  SCV  
  89  6:21  Marine  
  92  6:31  SCV x2  
  91  6:33  Viking x2  
  91  6:37  SCV  
  96  6:40  Marine  
  96  6:42  Terran Infantry Weapons Level 1  
  96  6:43  SCV x2  
  99  6:50  SCV  
  99  6:51  Marine  
  99  6:52  Supply Depot  
  101  6:56  Supply Depot  
  101  6:57  Marine x3  
  101  6:58  Marine, Supply Depot, SCV x2  
  107  7:02  SCV  
  108  7:08  Siege Tank  
  108  7:09  Marine  
  108  7:13  SCV x2  
  108  7:14  SCV  
  112  7:15  Barracks  
  112  7:16  Marine x2  
  112  7:17  Barracks  
  112  7:19  Viking  
  112  7:21  Viking  
  118  7:26  SCV x3  
  121  7:32  Marine  
  121  7:33  Marine x2  
  121  7:34  Sensor Tower  
  124  7:38  Terran Infantry Armor Level 1, SCV x3  
  124  7:43  Combat Shield  
  127  7:44  Siege Tank  
  127  7:50  SCV x2  
  132  7:55  SCV  
  132  7:56  Supply Depot  
  133  8:00  Marine x4  
  133  8:02  Marine  
  133  8:04  Medivac  
  130  8:07  Marine  
  117  8:14  SCV  
  117  8:16  Siege Tank  
  117  8:18  Marine x3  
  117  8:19  Barracks Reactor  
  113  8:20  Marine x2  
  113  8:24  Medivac  
  113  8:25  SCV x2  
  120  8:28  Refinery  
  120  8:29  Refinery  
  120  8:31  Command Center  
  120  8:34  Medivac  
  122  8:36  Marine x3, Barracks Reactor  
  122  8:38  Marine x2  
  126  8:41  Armory  
  126  8:50  Siege Tank  
  126  8:53  Marine x3  
  126  8:55  Marine x2  
  134  8:56  Marine x2  
  136  9:08  Supply Depot  
  136  9:09  Medivac  
  138  9:11  Marine x3  
  138  9:12  Marine  
  138  9:13  Marine  
  138  9:14  Marine x2  
  124  9:18  Marine x2  
  124  9:22  Siege Tank  
  122  9:29  Marine x3  
  122  9:30  Marine x2, Terran Infantry Weapons Level 2  
  124  9:32  Marine  
  124  9:33  SCV  
  124  9:36  Marine x2  
  128  9:39  Factory  
  128  9:40  Barracks Reactor  
  126  9:47  Marine x3, Planetary Fortress  
  126  9:48  Marine x2  
  126  9:49  Marine  
  132  9:54  Marine x2, Viking x2, Siege Tank  
  141  10:01  Terran Infantry Armor Level 2  
  141  10:05  Marine x3  
  141  10:06  Marine x2  
  146  10:07  Marine  
  146  10:09  Missile Turret  
  146  10:11  Refinery  
  146  10:12  Marine x2, Refinery  
  146  10:13  Missile Turret  
  146  10:14  Sensor Tower  
  149  10:17  Marine x2  
  150  10:22  Marine x3  
  150  10:24  Marine x2  
  150  10:25  Marine  
  150  10:26  Siege Tank  
  157  10:29  Marine x2  
  157  10:32  Viking x2  
  157  10:35  Siege Tank  
  164  10:44  Missile Turret  
  164  10:47  Supply Depot x2  
  163  10:52  Marine x2, Supply Depot  
  164  11:01  Marine x5  
  164  11:02  Marine x3  
  164  11:04  Viking x2  
  161  11:06  Starport  
  161  11:10  Marine x2  
  161  11:14  Siege Tank  
  163  11:18  Starport  
  163  11:19  Marine x7  
  163  11:20  Marine  
  163  11:21  SCV  
  163  11:22  SCV x2  
  163  11:23  SCV  
  175  11:28  Marine  
  175  11:31  Marine, Siege Tank  
  180  11:33  Viking x2  
  180  11:34  SCV  
  180  11:37  Marine  
  180  11:39  Marine  
  172  11:43  SCV x2  
  172  11:46  Siege Tank  
  164  11:54  Marine x2, Starport Tech Lab  
  164  11:55  Marine x6  
  164  11:57  Marine, SCV  
  164  12:01  Marine  
  175  12:03  Viking x2  
  175  12:04  Terran Infantry Weapons Level 3  
  179  12:09  Siege Tank  
  179  12:12  Marine  
  160  12:16  Marine x2  
  160  12:20  Raven  
  160  12:21  Marine x3  
  160  12:22  Marine x2, Corvid Reactor, Starport Tech Lab  
  153  12:24  Marine  
  153  12:28  Siege Tank  
  157  12:30  Marine x2  
  157  12:33  Marine x2  
  157  12:36  Supply Depot  
  161  12:39  Marine x4  
  161  12:41  Marine  
  161  12:42  Marine  
  167  12:47  Marine  
  167  12:48  Marine, Siege Tank  
  172  12:51  Marine x2  
  172  12:55  Raven  
  172  12:56  Medivac x2  
  172  12:57  Marine x3  
  172  12:58  Marine  
  183  13:01  Marine  
  183  13:02  Marine  
  183  13:03  Raven  
  188  13:07  Marine  
  188  13:09  Terran Infantry Armor Level 3  
  181  13:20  Marine x2, Siege Tank  
  176  13:36  Marine  
  176  13:38  Marine x2  
  176  13:40  Raven  
  176  13:41  Liberator  
  173  13:43  Liberator  
  173  13:48  Marine x4  
  170  13:50  Marine  
  170  13:51  Marine  
  171  14:05  Marine  
  172  14:10  Orbital Command  
  172  14:15  Siege Tank  
  172  14:16  Marine  
  171  14:23  Viking x2  
  171  14:24  Viking  
  165  14:26  Marine x2  
  165  14:29  Marine x3  
  169  14:33  Marine  
  169  14:34  Marine  
  168  14:48  Supply Depot  
  168  15:05  Marine x2  
  165  15:10  Marine x5, Siege Tank  
  173  15:19  Marine x2  
  171  15:25  Viking  
  170  15:31  Marine  
  170  15:32  Supply Depot  
  171  15:46  Viking  
  173  15:54  Marine x8  
  181  16:04  Marine x2  
  181  16:08  Siege Tank  
  167  16:12  Marine x8  

Tags
 
Add a new tag
Caveats
  • Supply blocks, unpowered buildings, or Contaminate may cause inaccurate times.
  • Supply counts are checked every 10 seconds.